 Dungeon Crawl Stone Soup version 0.22-a0-322-g60b3cfd (webtiles) character file.

147 galech the Ruffian (level 5, -4/53 HPs)
             Began as a Troll Monk on Apr 5, 2018.
             Slain by Crazy Yiuf
             ... wielding a +2 quarterstaff of chaos
              (12 damage)
             ... on level 2 of the Dungeon.
             The game lasted 00:01:41 (969 turns).

galech the Ruffian (Troll Monk)                      Turns: 969, Time: 00:01:42

Health: -4/53      AC:  5    Str: 20    XL:     5   Next: 7%
Magic:  4/4        EV: 11    Int:  6    God:
Gold:   74         SH:  0    Dex: 12    Spells: 4/4 levels left

rFire    . . .     SeeInvis .     - Unarmed
rCold    . . .     Gourm    +   (no shield)
rNeg     . . .     Faith    .   a - +0 robe
rPois    .         Spirit   .   (helmet restricted)
rElec    .         Reflect  .   (no cloak)
rCorr    .         Harm     .   (gloves unavailable)
MR       .....                  (boots unavailable)
Stlth    ++........             (no amulet)
HPRegen  0.57/turn              (no ring)
MPRegen  0.09/turn              (no ring)

@: no status effects
A: large, unfitting armour, claws 3, fast metabolism 3, gourmand, regeneration
1, shaggy fur 1, tough skin 2
a: no special abilities


You were on level 2 of the Dungeon.
You were very full.

You visited 1 branch of the dungeon, and saw 2 of its levels.

You collected 74 gold pieces.

Inventory:

Armour
 a - a +0 robe (worn)
Scrolls
 c - 2 scrolls of blinking {unknown}
 d - 7 scrolls of identify {unknown}
 f - a scroll of remove curse {unknown}
 h - a scroll of amnesia {unknown}
 j - a scroll of teleportation {unknown}
 m - a scroll of fear {unknown}
Potions
 e - 2 potions of mutation {unknown}
 g - a potion of curing {unknown}
 i - a potion of heal wounds {unknown}
 l - a potion of haste {unknown}
Comestibles
 b - 3 rations
 k - 11 chunks of flesh


   Skills:
 + Level 3.1 Fighting
 + Level 3.0 Dodging
 + Level 1.4 Stealth
 + Level 4.3 Unarmed Combat


You had 4 spell levels left.
You didn't know any spells.

Dungeon Overview and Level Annotations

Branches:
Dungeon (2/15)

Altars:
Wu Jian

Annotations:
D:2 Crazy Yiuf


Innate Abilities, Weirdness & Mutations

You are too large for most types of armour.
You have claws for hands.
Your metabolism is lightning-fast.
You like to eat raw meat.
Your natural rate of healing is unusually fast.
You are covered in fur. (AC +1)
You have very tough skin. (AC +2)


Message History

Crazy Yiuf zaps a wand.
The puff of flame hits you!
It is a wand of flame (1).
Crazy Yiuf zaps a wand.
The puff of flame hits you!
The now-empty wand crumbles to dust.
You scratch Crazy Yiuf but do no damage.
You closely miss Crazy Yiuf.
Crazy Yiuf laughs, "Key!"
Crazy Yiuf completely misses you.
You claw Crazy Yiuf!
Crazy Yiuf is heavily wounded.
Crazy Yiuf says, "Tosser!"
Crazy Yiuf hits you with a quarterstaff of chaos!
You claw Crazy Yiuf!
Crazy Yiuf is almost dead.
Crazy Yiuf hits you with a quarterstaff of chaos!
You are electrocuted!
* * * LOW HITPOINT WARNING * * *
You completely miss Crazy Yiuf. Your claw misses Crazy Yiuf.
Crazy Yiuf is almost dead.
Crazy Yiuf hits you with a quarterstaff of chaos!
You die...

#.### #.# #.# #..
#.# #.# #.# # #.#
#.# #.# #.# #####
♣♣###.#
..####.######
#)..#♣♣ ♣♣..+..#
.(..........#
#g@.'.♣♣♣♣......#
######.#(##.#
#...#♣..♣.......#
#.......)..#
#####♣♣♣.♣...+..#
#.###.#.##.#
♣♣♣♣♣##### ##.#
#.#.##.# ...#
#.#.##.#########
####
#.#.##......#..#
#.#.###.....<..#
#...........#.##


You could see Crazy Yiuf.

Vanquished Creatures
  An orc wizard (D:2)
  Jessica (D:2)
  3 adders (D:2)
  2 oozes (D:1)
  A worm (D:2)
  A dart slug (D:2)
  3 leopard geckos (D:2)
  3 orcs (D:2)
  A giant cockroach (D:2)
  3 goblins (D:1)
  10 hobgoblins
  A quokka (D:2)
  2 bats
  4 frilled lizards
  6 kobolds
  2 rats (D:1)
44 creatures vanquished.

Notes
Turn   | Place    | Note
-------+----------+-------------------------------------------
     0 | D:1      | galech the Troll Monk began the quest for the Orb.
     0 | D:1      | Reached XP level 1. HP: 22/22 MP: 0/0
   212 | D:1      | Reached XP level 2. HP: 29/29 MP: 1/1
   596 | D:2      | Reached XP level 3. HP: 21/36 MP: 2/2
   625 | D:2      | Noticed Jessica
   633 | D:2      | Killed Jessica
   639 | D:2      | Reached XP level 4. HP: 45/45 MP: 3/3
   741 | D:2      | Reached skill level 4 in Unarmed Combat
   814 | D:2      | Reached XP level 5. HP: 53/53 MP: 4/4
   825 | D:2      | Found an ornate altar of the Wu Jian Council.
   957 | D:2      | Found a runed door.
   961 | D:2      | Noticed Crazy Yiuf
   969 | D:2      | Slain by Crazy Yiuf

Vault maps used:
D:1:      nzn_arrival_settlement, minmay_misc_feat_room
D:2:      nicolae_overflow_hidden_temple, uniq_crazy_yiuf_cottage, uniq_jessica

Skill      XL: |  1  2  3  4 |
---------------+-------------+-----
Fighting       | 3 |  3.1
Unarmed Combat | 4 |  4.3
Dodging        | 3 |  3.0
Stealth        | |  1.4

Action                   |  1- 3 |  4- 6 || total
-------------------------+-------+-------++-------
Melee: Unarmed           |    70 |    76 ||   146
 Stab: Sleeping          |     2 |     1 ||     3
  Eat: Chunk             |    11 |     3 ||    14
Armor: Robe              |    24 |    27 ||    51
Dodge: Dodged            |    26 |    38 ||    64

Table legend:
 A = Spawn XP
 B = Non-spawn XP
 C = Spawn XP percentage of total XP
 D = Spawn monster count
 E = Non-spawn monster count
 F = Spawn count percentage of total count
 G = Total turns spent on level
                    A         B        C        D         E        F      G
               +---------+---------+-------+---------+---------+-------+---------
         Total |       0 |     210 |   0.0 |       0 |      44 |   0.0 |   969
               +---------+---------+-------+---------+---------+-------+---------
           D:1 |       0 |      37 |   0.0 |       0 |      17 |   0.0 |   570
           D:2 |       0 |     173 |   0.0 |       0 |      27 |   0.0 |   399
               +---------+---------+-------+---------+---------+-------+---------
